 Seeded DCSS version 0.26.1-11-gd32895ea62 (webtiles) character file.

Game seed: 36451945518704854 (custom seed)

22727 Zeld the Carver (level 13, -3/96 HPs)
             Began as a Human Delver on June 5, 2021.
             Was a High Priest of the Shining One.
             Shot with a bolt by an orc knight (7 damage)
             ... on level 2 of the Orcish Mines.
             The game lasted 00:26:23 (25645 turns).

Zeld the Carver (Human Delver)                     Turns: 25645, Time: 00:26:23

Health: -3/96      AC: 14    Str: 19    XL:     13   Next: 29%
Magic:  15/20      EV: 12    Int: 10    God:    the Shining One [*****.]
Gold:   356        SH:  8    Dex: 14    Spells: 12/12 levels left

rFire    + . .     SeeInvis .   a - +6 falchion (elec)
rCold    + . .     Faith    .   z - +1 kite shield {rC+ rF+}
rNeg     + + .     Spirit   .   q - +2 ring mail {rPois}
rPois    +         Reflect  .   p - +2 helmet
rElec    .         Harm     .   (no cloak)
rCorr    .         Rampage  .   A - +2 pair of gloves
Will     .....                  k - +0 pair of boots
Stlth    +.........             (no amulet)
HPRegen  0.26/turn              b - ring of flight
MPRegen  0.17/turn              (no ring)

@: glowing
A: no striking features
a: Renounce Religion, Evoke Flight, Divine Shield, Cleansing Flame, Summon
Divine Warrior


You were on level 2 of the Orcish Mines.
You worshipped the Shining One.
The Shining One was extremely pleased with you.
You visited 4 branches of the dungeon, and saw 17 of its levels.

You collected 1400 gold pieces.
You spent 1044 gold pieces at shops.

Inventory:

Hand Weapons
 a - a +6 falchion of electrocution (weapon)
 n - a +4 falchion of holy wrath
Missiles
 e - 23 boomerangs
 u - 42 poisoned darts (quivered)
 v - 4 throwing nets
Armour
 k - a +0 pair of boots (worn)
 p - a +2 helmet (worn)
 q - a +2 ring mail of poison resistance (worn)
 z - a +1 kite shield of resistance (worn)
 A - a +2 pair of gloves (worn)
Jewellery
 b - a ring of flight (left hand)
Wands
 f - a wand of disintegration (9)
 g - a wand of digging (2)
 h - a wand of flame (35)
 l - a wand of polymorph (7)
 w - a wand of paralysis (9)
Scrolls
 c - 3 scrolls of fog
 d - 4 scrolls of magic mapping
 s - 3 scrolls of identify
 x - 7 scrolls of teleportation
 y - 16 scrolls of remove curse
 C - a scroll of holy word
Potions
 i - 6 potions of brilliance
 j - 8 potions of curing
 m - a potion of ambrosia
 o - 2 potions of might
 r - a potion of cancellation
 t - 2 potions of flight
 B - a potion of haste


   Skills:
 + Level 7.1 Fighting
 - Level 14.0 Long Blades
 * Level 9.3 Throwing
 + Level 6.9 Dodging
 - Level 5.0 Stealth
 * Level 10.1 Invocations


You had 12 spell levels left.
You didn't know any spells.
Your spell library contained the following spells:

 Spells                   Type           Power        Failure   Level
 Sandblast                Erth           0%           99%         1
 Passwall                 Tmut/Erth      0%           100%        2
 Poisonous Vapours        Pois/Air       0%           100%        2
 Conjure Flame            Conj/Fire      0%           100%        3
 Mephitic Cloud           Conj/Pois/Air  0%           100%        3
 Stone Arrow              Conj/Erth      0%           100%        3
 Petrify                  Tmut/Erth      0%           100%        4
 Lee's Rapid Deconstruct  Erth           0%           100%        5
 Freezing Cloud           Conj/Ice/Air   0%           100%        6


Dungeon Overview and Level Annotations

Branches:
Dungeon (13/15)            Temple (1/1) D:5            Lair (1/6) D:9
    Orc (2/2) D:12            Elf (0/3) Orc:2
 Vaults: D:13-14

Altars:
Ashenzari
Cheibriados
Dithmenos
Elyvilon
Fedhas
Gozag
Hepliaklqana
Kikubaaqudgha
Makhleb
Nemelex Xobeh
Okawaru
Qazlal
Ru
Sif Muna
Trog
Uskayaw
Vehumet
Wu Jian
Xom
Yredelemnul
Zin
The Shining One

Shops:
D:5 *   D:7 ?   D:8 (   D:11 ?

Annotations:
D:12 exclusion: orange crystal statue


Message History

The orc knight roars a battlecry!
The orc warrior goes into a battle-frenzy!
Items here: $ ( ) [.
The orc knight shoots a bolt.
The bolt hits you.
The orc warrior hits you from afar with a +0 halberd!
You see here a bolt.
The golden flame engulfs you but does no damage.
You resist.
The golden flame engulfs the orc warrior but does no damage.
You hear a shout! x5
The orc warrior hits you from afar with a +0 halberd!!
* * * LOW HITPOINT WARNING * * *
The orc knight shoots a bolt.
You block the bolt.
Unknown command.
Unknown command.
Okay, then.
The orc warrior hits you from afar with a +0 halberd!!
* * * LOW HITPOINT WARNING * * *
The orc knight shoots a bolt.
The bolt hits you!
You die...

.....## ....$.
....<.. ###......
.......##........
.................
........o......#
#........$...#
#.....$....#
###.(.o...## .
.###...@......##...
......[[)..[.[.....
.......(....>......
.......<#$.[[[.....
.......(#(##.......
......##### ...^..#
.....# ......#
....# ..##### #...
##.


You could see an orc knight and an orc warrior (strong).

Vanquished Creatures
  8 two-headed ogres
  An orc high priest (Orc:2)
  An unseen horror (D:12)
  An orc sorcerer (Orc:1)
  A cyclops (D:11)
  A salamander (shapeshifter) (D:12)
  5 ugly things
  Maurice (Orc:1)
  A gargoyle (D:13)
  A komodo dragon (shapeshifter) (D:13)
  6 trolls
  Prince Ribbit (D:9)
  A water elemental (D:12)
  3 shadows (D:12)
  2 wraiths
  A yak (D:9)
  Eustachio (D:3)
  2 vampire mosquitoes (D:12)
  2 acid dragons (D:11)
  3 wargs
  2 soldier ants (D:11)
  Duvessa (D:6)
  4 sky beasts
  7 orc warriors
  A black bear (D:7)
  An eye of draining (D:11)
  12 ogres
  2 phantoms
  7 centaurs
  8 bullfrogs
  A gnoll sergeant (D:10)
  Dowan (D:6)
  A wyvern zombie (D:8)
  A wyvern skeleton (D:7)
  5 scorpions
  2 troll zombies (D:12)
  9 electric eels
  18 wights
  2 howler monkeys
  3 centaur zombies
  2 quasits
  2 hounds
  A bullfrog zombie (D:12)
  6 jellies
  8 orc priests
  2 bullfrog skeletons
  2 centaur skeletons
  12 orc wizards
  3 iguanas
  7 worker ants
  Natasha (thrice) (D:1)
  A killer bee zombie (D:10)
  6 ogre zombies (D:12)
  A hound zombie (D:7)
  2 hound skeletons
  Robin (D:2)
  2 worker ant zombies
  5 gnolls (D:10)
  12 adders
  A howler monkey skeleton (D:9)
  2 shadow imps
  5 white imps
  An ufetubus (D:7)
  8 oozes
  A worm (D:2)
  2 dart slugs
  4 leopard geckos
  46 orcs
  6 giant cockroaches
  12 goblins
  11 hobgoblins
  13 jackals
  6 quokkas
  A ball python (D:2)
  8 bats
  4 frilled lizards
  A goblin skeleton (D:12)
  3 goblin zombies (D:12)
  A hobgoblin skeleton (D:12)
  3 hobgoblin zombies (D:12)
  A jackal skeleton (D:6)
  12 kobolds
  A leopard gecko zombie (D:7)
  An orc skeleton (D:12)
  16 orc zombies (D:12)
  7 rats
386 creatures vanquished.

Vanquished Creatures (collateral kills)
  Harold (D:11)
  A tengu warrior (D:12)
  An electric eel (D:12)
  An adder (D:12)
4 creatures vanquished.

Vanquished Creatures (others)
  A wight (D:12)
  A jelly (D:12)
  19 plants
  9 toadstools (D:3)
30 creatures vanquished.

Grand Total: 420 creatures vanquished

Notes
Turn   | Place    | Note
-------+----------+-------------------------------------------
     0 | D:5      | Zeld the Human Delver began the quest for the Orb.
     0 | D:5      | Reached XP level 1. HP: 18/18 MP: 1/1
    23 | D:4      | Noticed an orc wizard
   536 | D:3      | Found a glowing golden altar of the Shining One.
   539 | D:3      | Became a worshipper of the Shining One
  1070 | D:3      | Reached XP level 2. HP: 21/24 MP: 2/2
  1128 | D:3      | Reached skill level 3 in Long Blades
  1377 | D:3      | Reached XP level 3. HP: 5/29 MP: 3/3
  2757 | D:2      | Reached skill level 4 in Long Blades
  2757 | D:2      | Reached XP level 4. HP: 26/35 MP: 4/4
  4054 | D:2      | Reached XP level 5. HP: 40/41 MP: 5/5
  4193 | D:2      | Noticed Natasha
  4363 | D:1      | Killed Natasha
  4364 | D:1      | Reached skill level 5 in Long Blades
  4778 | D:1      | Noticed Natasha
  4784 | D:1      | Killed Natasha
  5342 | D:1      | Noticed Natasha
  5356 | D:1      | Killed Natasha
  5971 | D:2      | Found a stormy altar of Qazlal.
  5990 | D:2      | Reached XP level 6. HP: 38/47 MP: 6/6
  6089 | D:2      | Noticed Robin
  6102 | D:2      | Killed Robin
  6103 | D:2      | Reached * piety under the Shining One
  6368 | D:3      | Reached skill level 6 in Long Blades
  6393 | D:3      | Found an ornate altar of the Wu Jian Council.
  7429 | D:4      | Found a shimmering altar of Xom.
  7483 | D:4      | Noticed an ogre
  7485 | D:4      | Noticed Eustachio
  7511 | D:3      | Killed an ogre
  7512 | D:3      | Reached skill level 7 in Long Blades
  7512 | D:3      | Reached XP level 7. HP: 44/52 MP: 7/7
  7695 | D:3      | Killed Eustachio
  7696 | D:3      | Reached skill level 8 in Long Blades
  8264 | D:5      | Reached XP level 8. HP: 57/58 MP: 8/8
  8487 | D:5      | Found Bacaot's Assorted Antiques.
  8492 | D:5      | Bought a scroll labelled KIMISEITI for 32 gold pieces
  8492 | D:5      | Bought a jewelled lead wand for 128 gold pieces
  8492 | D:5      | Bought a scroll labelled AMOQUEHAEC for 32 gold pieces
  8492 | D:5      | Bought a wand of flame (9) for 32 gold pieces
  8492 | D:5      | Bought a scroll labelled RUTALOLAPS for 32 gold pieces
  8587 | D:5      | Found a staircase to the Ecumenical Temple.
  8743 | Temple   | Entered the Ecumenical Temple
  8843 | D:5      | Reached skill level 9 in Long Blades
  9561 | D:6      | Found a broken altar of Ashenzari.
  9701 | D:6      | Noticed Duvessa
  9701 | D:6      | Noticed Dowan
  9743 | D:6      | Killed Duvessa
 10185 | D:6      | Reached skill level 10 in Long Blades
 10519 | D:6      | Killed Dowan
 10692 | D:6      | Found a broken altar of Ashenzari.
 11526 | D:7      | Found Liyxzia's Magic Scroll Shoppe.
 11540 | D:7      | Bought a scroll of identify for 28 gold pieces
 11540 | D:7      | Bought a scroll of enchant weapon for 105 gold pieces
 11540 | D:7      | Bought a scroll of remove curse for 42 gold pieces
 11658 | D:7      | Reached ** piety under the Shining One
 11777 | D:7      | Reached XP level 9. HP: 46/63 MP: 9/9
 12017 | D:7      | Reached skill level 11 in Long Blades
 12707 | D:7      | Reached skill level 12 in Long Blades
 12997 | D:8      | Reached *** piety under the Shining One
 13189 | D:8      | Reached XP level 10. HP: 63/70 MP: 10/10
 13231 | D:8      | Found Hizaru Ullu's Antique Weapon Shop.
 13371 | D:8      | Found a sacrificial altar of Ru.
 13378 | D:8      | Found an opulent altar of Gozag.
 13428 | D:8      | Found a hazy altar of Hepliaklqana.
 13428 | D:8      | Found an ancient bone altar of Kikubaaqudgha.
 13429 | D:8      | Found a shimmering blue altar of Sif Muna.
 13557 | D:9      | Noticed a two-headed ogre
 13576 | D:9      | Reached skill level 13 in Long Blades
 13579 | D:9      | Killed a two-headed ogre
 13658 | D:9      | Reached skill level 14 in Long Blades
 13669 | D:9      | Reached skill level 1 in Throwing
 13669 | D:9      | Reached skill level 1 in Invocations
 13761 | D:9      | Noticed a green ugly thing
 13767 | D:9      | Killed a green ugly thing
 13945 | D:9      | Found a staircase to the Lair.
 14025 | D:9      | Reached **** piety under the Shining One
 14026 | D:9      | Noticed Prince Ribbit
 14055 | D:9      | Killed Prince Ribbit
 14085 | D:10     | Entered Level 10 of the Dungeon
 14120 | D:9      | Reached XP level 11. HP: 76/76 MP: 13/13
 14856 | D:10     | Noticed a white ugly thing
 14862 | D:10     | Killed a white ugly thing
 15071 | D:8      | Bought a glowing falchion for 156 gold pieces
 15120 | Lair:1   | Entered Level 1 of the Lair of Beasts
 15247 | D:10     | Reached skill level 5 in Invocations
 15356 | D:10     | Noticed a two-headed ogre
 15365 | D:10     | Killed a two-headed ogre
 15411 | D:10     | Reached skill level 5 in Throwing
 15419 | D:10     | Noticed a two-headed ogre
 15427 | D:10     | Killed a two-headed ogre
 15951 | D:11     | Found Jiewy's Magic Scroll Emporium.
 15982 | D:11     | Bought a scroll of identify for 26 gold pieces
 15982 | D:11     | Bought a scroll of remove curse for 39 gold pieces
 16088 | D:11     | Noticed Harold
 16378 | D:11     | Noticed a two-headed ogre
 16386 | D:11     | Killed a two-headed ogre
 16387 | D:11     | Reached skill level 5 in Fighting
 16488 | D:11     | Noticed a green ugly thing
 16496 | D:11     | Killed a green ugly thing
 16497 | D:11     | Noticed a cyclops
 16507 | D:11     | Killed a cyclops
 16638 | D:11     | Noticed a two-headed ogre
 16651 | D:11     | Killed a two-headed ogre
 16652 | D:11     | Reached skill level 5 in Dodging
 16652 | D:11     | Reached XP level 12. HP: 77/86 MP: 17/17
 16772 | D:11     | Reached ***** piety under the Shining One
 16831 | D:11     | Killed Harold
 17178 | D:11     | Noticed a two-headed ogre
 17188 | D:11     | Killed a two-headed ogre
 17997 | D:11     | Bought a scroll of teleportation for 39 gold pieces
 17997 | D:11     | Bought a scroll of blinking for 97 gold pieces
 17997 | D:11     | Bought a scroll of remove curse for 39 gold pieces
 17997 | D:11     | Bought a scroll of enchant weapon for 97 gold pieces
 17997 | D:11     | Bought a scroll of remove curse for 39 gold pieces
 17997 | D:11     | Bought a scroll of teleportation for 39 gold pieces
 18090 | D:7      | Bought a scroll of remove curse for 42 gold pieces
 18405 | D:12     | Noticed a centaur warrior
 18423 | D:12     | Noticed a two-headed ogre
 18828 | D:12     | Noticed an unseen horror
 18845 | D:12     | Killed an unseen horror
 20439 | D:12     | Found a staircase to the Orcish Mines.
 21953 | D:13     | Noticed a two-headed ogre
 21956 | D:13     | Noticed a two-headed ogre
 21963 | D:13     | Killed a two-headed ogre
 21964 | D:13     | Reached XP level 13. HP: 79/95 MP: 18/20
 21971 | D:13     | Noticed a centaur warrior
 21977 | D:13     | Noticed a centaur warrior
 24125 | Orc:1    | Entered Level 1 of the Orcish Mines
 24159 | Orc:1    | Noticed Maurice
 24168 | Orc:1    | Killed Maurice
 24419 | Orc:2    | Entered Level 2 of the Orcish Mines
 24419 | Orc:2    | Found a staircase to the Elven Halls.
 24981 | Orc:2    | Reached skill level 10 in Invocations
 25645 | Orc:2    | HP: 4/96 [orc warrior/+0 halberd[an orc knight] (23)]
 25645 | Orc:2    | Shot with a bolt by an orc knight

Illustrated notes

Levels and vault maps discovered:
D:1:      dpeg_arrival_connections, layout_loops_ring, serial_forest,
          infiniplex_forest_lined_room_3, infiniplex_forest_lined_room_2,
          infiniplex_forest_clump_small, infiniplex_forest_clump_double,
          infiniplex_forest_lined_2, infiniplex_forest_lined_3
D:2:      layout_loops_ring, grunt_qazlal_clouds, uniq_robin, uniq_natasha
D:3:      cheibrodos_fertilizer, layout_basic, lemuel_crystal_altar,
          pdpol_wu_jian_five_deadly_venoms
D:4:      layout_cave_pools, enter_ossuary_5, xom_teletrap_fun, uniq_eustachio
D:5:      layout_basic, serial_shops, shop
D:6:      layout_cave_pods, overflow_temple_1_default,
          corexii_item_surrounded_by_moat, uniq_duvessa
D:7:      kennysheep_big_flooded_room, layout_rooms, serial_shops, shop
D:8:      layout_cave_pools, amethyst_overflow_temple_binary,
          chequers_temple_overflow_statue_of_worship, serial_shops,
          nicolae_shop_waterfront
D:9:      minmay_ornate_pinched, layout_loops_ring, uniq_prince_ribbit1
D:10:     layout_irregular_city
D:11:     layout_grid_maze, serial_shops, nicolae_shop_crystal,
          nicolae_straight_to_the_point, uniq_harold
D:12:     layout_rooms, zombieorc2_lemuel, serial_bayou, serial_bayou_pond_c,
          serial_bayou_ford_a, serial_bayou_pond_b, serial_bayou_crossing,
          serial_bayou_shore_b, serial_bayou_shore_b, minivault_5,
          chequers_serial_rivers_micro_e, minivault_16
D:13:     layout_loops_cross, grunt_gozag_breadcrumbs
Temple:   cyrus_circular_temple
Lair:1:   layout_hall_layers
Orc:1:    layout_caves, serial_shops, shop, uniq_maurice
Orc:2:    grunt_orc_tribal_feast, layout_diamond_mine, serial_shops, shop

Skill      XL: |  1  2  3  4  5  6  7  8  9 10 11 12 13 |
---------------+----------------------------------------+-----
Long Blades    | 3 4 5 7 8 10 12 14 | 14.0
Throwing       | 3 6 8 9 |  9.3
Invocations    | 3 7 9 10 | 10.1
Dodging        | 3 5 6 |  6.9
Fighting       | 5 6 7 |  7.1
Stealth        | |  5.0

Action                   |  1- 3 |  4- 6 |  7- 9 | 10-12 | 13-15 || total
-------------------------+-------+-------+-------+-------+-------++-------
Melee: Falchion          |    57 |   222 |   253 |   506 |    67 ||  1105
Throw: Throwing net      |       |       |     2 |       |       ||     2
Invok: Cleansing Flame   |       |       |       |     7 |    10 ||    17
       Summon Divine War |       |       |       |     2 |     1 ||     3
 Abil: Evoke Flight      |       |       |     1 |       |       ||     1
Evoke: Wand              |       |     2 |     9 |    23 |       ||    34
  Use: Potion            |     1 |       |       |     7 |       ||     8
       Scroll            |       |       |    14 |    15 |       ||    29
Armor: Leather armour    |    14 |    37 |       |       |       ||    51
       Ring mail         |       |    34 |    95 |   149 |    22 ||   300
Dodge: Dodged            |    37 |   157 |   120 |   254 |    41 ||   609
Block: Kite shield       |       |       |       |       |    29 ||    29
       Rpst.: Falchion   |    15 |    42 |    39 |    58 |    10 ||   164
